Map: Mech Depot LE

Players

Yata - Winner!

  • Race: Zerg Zerg
  • League: Platinum
  • Spawn Location: 7:00

Nowonmai

  • Race: Terran Terran
  • League: Platinum
  • Spawn Location: 1:00

VOD

Have the link to the VOD?

Description

Time

  • Played on: Sept. 15, 2017, 9:51 p.m.
  • Length: 14:38
Show
View Real Time Build Order
Export as new Build Order

Yata Zerg - Winner!

Build Orders: Hatch First 

Get SALT Encoding   

  12  0:00  Drone  
  13  0:13  Overlord  
  13  0:21  Drone  
  14  0:31  Drone  
  14  0:32  Drone  
  14  0:35  Drone  
  17  0:57  Hatchery  
  17  0:59  Drone  
  17  1:00  Drone  
  18  1:13  Extractor  
  18  1:16  Spawning Pool  
  18  1:17  Drone  
  17  1:21  Drone  
  18  1:28  Drone  
  19  1:41  Overlord  
  19  1:52  Drone  
  20  2:03  Queen  
  22  2:09  Queen  
  22  2:10  Zergling x4  
  22  2:14  Metabolic Boost  
  26  2:17  Drone  
  26  2:21  Drone  
  28  2:26  Drone  
  30  2:37  Zergling x4  
  31  3:04  Baneling Nest  
  31  3:05  Drone x5  
  35  3:06  Evolution Chamber  
  35  3:09  Overlord  
  34  3:28  Drone x8  
  42  3:39  Queen  
  44  3:46  Hatchery  
  43  3:50  Baneling x4  
  43  3:59  Extractor, Drone x2  
  43  4:00  Overlord  
  43  4:01  Overlord  
  42  4:40  Zergling x18  
  42  4:44  Baneling  
  42  4:45  Baneling x2  
  51  4:52  Zerg Melee Weapons Level 1  
  51  5:12  Drone x5  
  51  5:13  Drone x2  
  58  5:14  Overlord x2  
  58  5:15  Overlord  
  53  5:40  Zergling x14  
  54  5:56  Queen  
  56  5:58  Lair  
  56  5:59  Queen  
  56  6:04  Baneling x3  
  58  6:09  Zergling x4  
  60  6:22  Extractor, Drone x2  
  60  6:23  Drone  
  60  6:24  Drone  
  60  6:25  Overlord  
  63  6:30  Drone x3  
  63  6:31  Drone  
  63  6:32  Drone x5  
  72  6:33  Drone x2  
  72  6:38  Overlord  
  72  6:39  Overlord x2  
  74  7:06  Zergling x16  
  74  7:07  Zergling x12  
  88  7:11  Spore Crawler  
  88  7:12  Spore Crawler  
  88  7:13  Spore Crawler  
  75  7:34  Queen  
  77  7:40  Drone x12  
  77  7:43  Zerg Missile Weapons Level 1  
  89  7:51  Baneling x4, Hydralisk Den  
  88  8:26  Hydralisk  
  88  8:27  Hydralisk x4  
  98  8:54  Queen  
  98  9:02  Muscular Augments  
  98  9:06  Overlord x4  
  98  9:07  Overlord  
  98  9:16  Pneumatized Carapace  
  98  9:23  Evolution Chamber  
  97  9:24  Queen  
  97  9:30  Queen  
  101  9:33  Hydralisk x6  
  101  9:34  Hydralisk x2  
  117  9:52  Hatchery  
  113  10:07  Overlord x2  
  113  10:08  Overlord x6  
  113  10:25  Queen  
  113  10:26  Zergling x14  
  122  10:30  Zerg Missile Weapons Level 2  
  120  11:06  Hydralisk  
  120  11:07  Hydralisk x6  
  134  11:12  Zergling x2  
  134  11:13  Zergling x24  
  138  11:20  Zergling x2  
  138  11:23  Baneling x5  
  139  11:28  Queen  
  141  11:36  Infestation Pit  
  140  11:40  Zergling x2  
  140  11:41  Zergling x18  
  140  11:45  Baneling x3  
  148  11:57  Zergling x2  
  148  11:58  Zergling x20  
  153  12:12  Zerg Ground Armor Level 1  
  153  12:19  Extractor x2  
  153  12:21  Extractor  
  150  12:25  Zergling x2  
  150  12:26  Zergling x26  
  164  12:44  Baneling x11  
  164  12:45  Baneling x2  
  161  13:03  Spore Crawler x2  
  161  13:05  Spore Crawler  
  157  13:08  Spore Crawler  
  157  13:09  Spore Crawler  
  157  13:10  Spore Crawler  
  157  13:11  Spore Crawler x3  
  157  13:12  Spore Crawler x3  
  148  13:13  Spore Crawler  
  133  13:25  Hydralisk  
  133  13:26  Hydralisk x7  
  117  13:36  Zergling x2  
  117  13:37  Zergling x26  
  126  13:43  Hydralisk  
  126  13:44  Hydralisk  
  117  14:10  Zergling x22  
Show
View Real Time Build Order
Export as new Build Order

Nowonmai Terran 

Build Orders:  

Get SALT Encoding   

  12  0:01  SCV  
  13  0:13  SCV  
  14  0:17  Supply Depot  
  14  0:25  SCV  
  15  0:39  SCV  
  15  0:41  Barracks  
  16  0:46  Refinery  
  16  0:51  SCV  
  17  1:03  SCV  
  18  1:15  SCV  
  19  1:28  Orbital Command  
  19  1:38  Barracks Reactor  
  19  1:42  Command Center  
  19  1:55  SCV  
  20  2:03  Barracks  
  20  2:07  SCV  
  21  2:16  Marine  
  21  2:17  Supply Depot, Marine  
  23  2:31  Factory  
  23  2:34  SCV  
  23  2:43  Refinery  
  23  2:46  SCV  
  24  2:52  Barracks Tech Lab  
  24  2:54  Marine x2  
  26  2:58  SCV  
  26  3:02  Orbital Command  
  27  3:10  SCV  
  27  3:12  Marine, Stimpack  
  29  3:13  Marine x2  
  31  3:23  SCV  
  32  3:29  Factory Reactor  
  32  3:35  SCV  
  32  3:36  Starport  
  32  3:37  SCV  
  32  3:39  Marine  
  35  3:47  Supply Depot, SCV  
  36  3:49  SCV  
  36  3:50  Marine  
  36  3:51  Marine  
  39  3:59  SCV  
  39  4:01  SCV  
  41  4:07  Hellion x2  
  45  4:11  Supply Depot, SCV  
  45  4:13  Marine, SCV  
  45  4:15  Marine  
  49  4:17  Marine  
  49  4:21  Medivac  
  39  4:39  SCV x2  
  39  4:40  Supply Depot, Marine  
  42  4:51  SCV x2  
  44  5:03  SCV x2  
  44  5:05  Marine x3  
  49  5:13  Bunker  
  49  5:15  SCV  
  49  5:19  SCV  
  51  5:22  Marine  
  51  5:23  Marine x2  
  47  5:39  Bunker  
  47  5:40  Marine x2  
  47  5:41  Marine  
  47  5:58  Marine x3  
  50  6:04  SCV  
  50  6:05  SCV  
  50  6:07  Factory Tech Lab  
  52  6:16  SCV, Marine x2  
  52  6:17  SCV  
  56  6:22  Liberator x2  
  56  6:29  SCV x2  
  56  6:30  Marine  
  56  6:32  Refinery  
  59  6:34  Marine x2  
  59  6:35  Refinery  
  59  6:36  Siege Tank  
  70  6:58  Barracks  
  70  7:23  Marine  
  70  7:24  SCV x2, Marine x2  
  69  7:36  SCV  
  70  7:53  Supply Depot  
  70  7:56  Supply Depot  
  70  7:57  Supply Depot x2, Liberator  
  70  8:00  Liberator  
  70  8:12  SCV, Marine x2  
  70  8:14  Siege Tank, SCV, Marine  
  81  8:24  SCV  
  81  8:27  SCV  
  83  8:30  Marine x2  
  83  8:32  Marine  
  86  8:36  SCV  
  86  8:39  SCV  
  86  8:40  Liberator  
  88  8:43  Liberator  
  88  8:47  Marine x2, Siege Tank  
  93  8:48  SCV  
  93  8:52  Marine  
  93  8:55  Barracks Reactor  
  89  9:05  Marine x2  
  89  9:06  SCV x2  
  93  9:10  Marine  
  94  9:18  SCV x2  
  94  9:22  Engineering Bay  
  94  9:23  Marine x2  
  98  9:27  Marine  
  98  9:30  SCV x2  
  101  9:41  Marine  
  102  10:14  Liberator  
  102  10:15  Liberator, Supply Depot  
  102  10:16  Supply Depot  
  102  10:30  SCV, Marine x2  
  99  10:38  Siege Tank  
  99  10:39  Marine x3  
  102  10:47  Marine  
  103  10:50  Marine  
  103  10:53  Terran Infantry Weapons Level 1  
  103  10:57  Liberator, Marine x3  
  104  11:00  Liberator  
  104  11:02  Missile Turret  
  107  11:05  Marine  
  107  11:10  Siege Tank  
  111  11:13  Marine  
  111  11:14  Missile Turret  
  111  11:15  Marine  
  118  11:23  Missile Turret  
  118  11:33  Engineering Bay  
  118  11:34  Armory  
  118  11:44  Missile Turret  
  118  12:02  Siege Tank, SCV x2  
  118  12:06  Marine x5  
  118  12:07  Medivac  
  118  12:08  Medivac  
  118  13:15  Marine  
  118  13:16  SCV  
  118  13:17  Marine x2  
  118  13:18  Supply Depot x2, SCV, Marine x2  
  118  13:19  Viking, Medivac, Siege Tank  
  117  13:23  Supply Depot  
  81  13:28  SCV  
  81  13:30  SCV  
  81  13:33  Marine  
  75  13:35  Marine x2  
  75  13:36  Marine x2  
  75  13:41  SCV  
  50  13:51  Marine  
  50  13:53  Marine x3  
  50  13:54  Marine  
  50  13:55  Siege Tank  
  46  14:11  Marine  
  46  14:12  Marine  
Tags
 
Matchup
TvZ
Replay Pack
Pack 1
Spawn Locations
Cross Positions
Add a new tag
Caveats
  • Supply blocks, unpowered buildings, or Contaminate may cause inaccurate times.
  • Supply counts are checked every 10 seconds.